 Dungeon Crawl Stone Soup version 0.31-a0-4-gefa6de2278 (webtiles) character file.

Game seed: 2323617282331573458

65 jimonade the Trooper (level 3, -9/29 HPs)
             Began as a Mummy Monk on May 4, 2023.
             Mangled by Crazy Yiuf
             ... wielding a +3 quarterstaff of chaos
              (14 damage)
             ... on level 2 of the Dungeon.
             The game lasted 00:02:16 (1635 turns).

jimonade the Trooper (Mummy Monk)                   Turns: 1635, Time: 00:02:17

Health: -9/29      AC:  5    Str: 20    XL:     3   Next: 94%
Magic:  3/3        EV: 11    Int: 11    God:
Gold:   72         SH:  0    Dex: 14    Spells: 2/2 levels left

rFire   x . .        a - +0 mace
rCold   + . .        c - orb {light}
rNeg    + + +        f - +0 ring mail
rPois   ∞            (no helmet)
rElec   .            (no cloak)
rCorr   .            (no gloves)
SInv    .            (no boots)
Will    .....        (no amulet)
Stlth   +            d - +6 ring of strength
HPRegen 0.24/turn    (no ring)
MPRegen 0.08/turn

%: faith
@: glowing
A: cold resistance 1, negative energy resistance 3, torment resistance 2, heat
vulnerability 1, in touch with death 1, no potions, faith
a: no special abilities


You were on level 2 of the Dungeon.
You visited 1 branch of the dungeon, and saw 2 of its levels.

You collected 72 gold pieces.

Inventory:

Hand Weapons
 a - a +0 mace (weapon)
 n - a +0 mace
 p - a +0 sling
 q - a +2 heavy spear
Missiles
 h - 4 boomerangs (quivered)
 l - 24 stones
Armour
 b - a +0 robe
 c - an orb of light (worn)
 f - a +0 ring mail (worn)
 j - a +0 leather armour
Jewellery
 d - a +6 ring of strength (left hand)
 g - a ring of fire
 o - a ring of willpower
Scrolls
 e - a scroll of enchant weapon {unknown}
 i - 3 scrolls of identify {unknown}
 k - 2 scrolls of fear {unknown}
 m - a scroll of magic mapping {unknown}
 r - a scroll of blinking {unknown}


   Skills:
 + Level 3.5 Fighting
 + Level 3.1 Maces & Flails
 + Level 0.7 Armour
 + Level 2.9 Dodging


You had 2 spell levels left.
You didn't know any spells.
Your spell library was empty.

Dungeon Overview and Level Annotations

Branches:
Dungeon (2/15)

Altars:

Annotations:
D:2 Crazy Yiuf


Innate Abilities, Weirdness & Mutations

You are immune to poison.
Your flesh is cold resistant. (rC+)
You are immune to negative energy. (rN+++)
You are immune to unholy pain and torment.
You are vulnerable to heat. (rF-)
You are in touch with the powers of death.
You do not drink.
You have a special connection with the divine. (Faith)


Message History

You barely miss Natasha.
Natasha drinks a potion.
Natasha's spells are empowered!
You sock Natasha!
Natasha is severely wounded.
Natasha stares at you and mumbles some strange words.
You struggle to resist.
Natasha claws you.
You closely miss Natasha.
Natasha is severely wounded.
Natasha casts a spell.
You sock Natasha!
You kill Natasha!
Moaning pathetically, Natasha's spirit plunges into the ground.
Your Maces & Flails skill increases to level 3!
No target in view!
No target in view!
i - 3 scrolls labelled SILOHO QOESCHU (gained 1)
Found a ring mail.
l - 24 stones (gained 7)
You see here a quokka corpse.
Crazy Yiuf shouts!
You open the door. You hit Crazy Yiuf but do no damage.
Crazy Yiuf hits you with a +3 quarterstaff of chaos!
Crazy Yiuf freezes you. Crazy Yiuf barely misses you.
You hit Crazy Yiuf but do no damage.
Crazy Yiuf screams, "Cards!"
Crazy Yiuf closely misses you.
You completely miss Crazy Yiuf. Crazy Yiuf closely misses you.
You hit Crazy Yiuf.
Crazy Yiuf is moderately wounded.
Crazy Yiuf completely misses you.
You hit Crazy Yiuf.
Crazy Yiuf is heavily wounded.
Crazy Yiuf hits you with a +3 quarterstaff of chaos!
Crazy Yiuf burns you.
* * * LOW HITPOINT WARNING * * *
You sock Crazy Yiuf!
Crazy Yiuf is severely wounded.
Crazy Yiuf hits you with a +3 quarterstaff of chaos!
You die...

#.......###..#
#.......#.....
#.##......#..#
######..###..# #.......#
#........ ###
♣♣###.##.... #)..#♣♣
♣♣.....##....
#...g@♣♣♣♣......##....
#...#♣..♣......###....
### ♣♣♣.♣.....###....
♣♣♣♣♣##..##....
#..##.##.
#######........ ########
#..#.##..##..#. #......#
#........##..#.
#.####.####.......##....


You could see Crazy Yiuf.

Vanquished Creatures
  Natasha (D:2)
  An adder (D:2)
  A ball python (D:2)
  A bat (D:1)
  6 endoplasms
  3 giant cockroaches (D:2)
  A goblin (D:1)
  4 hobgoblins
  2 kobolds
  3 quokkas (D:2)
  A frilled lizard (D:1)
  4 rats
28 creatures vanquished.

Notes
Turn   | Place    | Note
-------+----------+-------------------------------------------
     0 | D:1      | jimonade the Mummy Monk began the quest for the Orb.
     0 | D:1      | Reached XP level 1. HP: 18/18 MP: 1/1
   119 | D:1      | Found a faded altar of an unknown god.
   202 | D:1      | Reached XP level 2. HP: 24/24 MP: 2/2
  1044 | D:2      | Gained mutation: You are in touch with the powers of death.
                  | [Mummy growth]
  1044 | D:2      | Reached XP level 3. HP: 29/29 MP: 3/3
  1174 | D:2      | Found a runed translucent door.
  1175 | D:2      | Noticed Crazy Yiuf
  1405 | D:2      | Noticed Natasha
  1409 | D:2      | Killed Natasha
  1635 | D:2      | Mangled by Crazy Yiuf

Illustrated notes

Levels and vault maps discovered:
D:1:      nzn_arrival_settlement, layout_basic,
          chequers_ecumenical_altar_simple_redux,
          chequers_serial_rivers_large_a, palyth_stone_intersect
D:2:      layout_loops_cross, serial_forest, infiniplex_forest_clump_long,
          infiniplex_forest_straight_1, infiniplex_forest_clump_medium,
          infiniplex_forest_straight_3, infiniplex_forest_lined_3,
          infiniplex_forest_lined_room_, infiniplex_forest_straight_4,
          minmay_surrounded, uniq_crazy_yiuf_cottage, uniq_natasha

Skill      XL: |  1  2  3 |
---------------+----------+-----
Maces & Flails | 3 |  3.1
Fighting       | |  3.5
Armour         | |  0.7
Dodging        | |  2.9

Action                     || total
---------------------------++-------
  Melee: Mace              ||    78
 Armour: Ring mail         ||    32
         Robe              ||     1
  Dodge: Dodged            ||    35

Table legend: (Time is in decaauts)
 A = Elapsed time spent in this place.
 B = Non-inter-level travel time spent in this place.
 C = Inter-level travel time spent in this place.
 D = Time resting spent in this place.
 E = Time spent auto-exploring this place.
 F = Levels seen in this place.
 G = Mean time per level.
                   A        B        C        D        E       F      G
               +--------+--------+--------+--------+--------+-----+--------+
         Total |   1663 |   1614 |     49 |      0 |   1350 |   2 |  831.5 |
       Dungeon |   1663 |   1614 |     49 |      0 |   1350 |   2 |  831.5 |
               +--------+--------+--------+--------+--------+-----+--------+

Top non-repeatable levels by time:
     D:2: 850 daAuts
     D:1: 812 daAuts
